 Dungeon Crawl Stone Soup version 0.31-a0-219-g8d62b2e7bb (webtiles) character file.

Game seed: 9635868829610113431

44 qw the Shooter (level 3, -1/21 HPs)
             Began as a Gargoyle Hexslinger on July 3, 2023.
             Slain by an adder (3 damage)
             ... on level 1 of the Dungeon.
             The game lasted 00:00:24 (911 turns).

qw the Shooter (Gargoyle Hexslinger)                 Turns: 911, Time: 00:00:24

Health: -1/21      AC:  8    Str: 11    XL:     3   Next: 62%
Magic:  4/4        EV: 10    Int: 13    God:
Gold:   71         SH:  0    Dex: 14    Spells: 3/4 levels left

rFire   . . .        Y - +1 sling
rCold   . . .        (no shield)
rNeg    + . .        g - +0 ring mail
rPois   inf          (no helmet)
rElec   +            (no cloak)
rCorr   .            (no gloves)
SInv    .            (no boots)
Will    .....        (no amulet)
Stlth   +            (no ring)
HPRegen 0.23/turn    (no ring)
MPRegen 0.09/turn

%: no passive effects
@: no status effects
A: sickness immunity, AC +3, negative energy resistance 1, electricity
resistance, torment resistance 1, petrification resistance
a: no special abilities


You were on level 1 of the Dungeon.
You visited 1 branch of the dungeon, and saw 2 of its levels.

You collected 71 gold pieces.


Innate Abilities, Weirdness & Mutations

You are immune to sickness and miasma.
Your stone body is resilient. (AC +3)
You are immune to poison.
You resist negative energy. (rN+)
You are resistant to electric shocks. (rElec)
You are resistant to unholy torment.
You are immune to petrification.


   Skills:
 - Level 2.0 Fighting
 + Level 3.5 Ranged Weapons
 - Level 1.5 Dodging
 - Level 1.0 Spellcasting
 - Level 2.6 Hexes


You had 3 spell levels left.
You knew the following spells:

 Your Spells              Type           Power      Damage    Failure   Level
a - Slow                  Hex            28%        N/A       22%         1

Your spell library contained the following spells:

 Spells                   Type           Power      Damage    Failure   Level
 Inner Flame              Hex/Fire       4%         N/A       75%         3
 Portal Projectile        Hex/Tloc       8%         N/A       75%         3
 Cause Fear               Hex            3%         N/A       92%         4

Inventory:

Hand Weapons
 Y - a +1 sling (weapon)
Armour
 g - a +0 ring mail (worn)
Potions
 d - a potion of might {unknown}

Dungeon Overview and Level Annotations

Branches:
Dungeon (2/15)

Altars:

Annotations:
D:2 Robin


Message History

The goblin hits you but does no damage. x2
You climb upwards.
There is a stone staircase leading down here.
Enter note:
Enter note: You shoot a sling bullet.
The sling bullet closely misses the adder.
The adder bites you but does no damage. The goblin closely misses you.
The hobgoblin closely misses you. The adder bites you but does no damage.
The goblin hits you but does no damage. x2
You shoot a sling bullet. The sling bullet hits the adder.
The adder is heavily wounded.
The adder bites you but does no damage. The goblin hits you but does no damage.
The hobgoblin hits you. The goblin closely misses you. x2
The adder closely misses you.
You shoot a sling bullet. The sling bullet misses the adder.
The goblin hits you with a +0 dagger. The goblin hits you but does no damage.
The hobgoblin hits you. The goblin hits you but does no damage.
The adder closely misses you. The goblin barely misses you.
The goblin misses you. The goblin barely misses you.
The hobgoblin hits you but does no damage.
The adder bites you but does no damage.
You shoot a sling bullet. The sling bullet hits the adder.
The adder is almost dead.
The adder barely misses you. The goblin hits you but does no damage.
The hobgoblin closely misses you. The goblin hits you but does no damage.
The goblin hits you with a +0 dagger.
You shoot a sling bullet.
The sling bullet closely misses the adder.
The adder bites you. The goblin hits you but does no damage.
The hobgoblin hits you.
The goblin hits you with a +0 dagger. x2
The adder bites you but does no damage. The goblin hits you with a +0 dagger.
The goblin barely misses you. The goblin hits you with a +0 dagger.
The hobgoblin hits you but does no damage.
You shoot a sling bullet.
The sling bullet barely misses the adder.
The adder barely misses you. The goblin barely misses you.
The hobgoblin hits you but does no damage.
The adder bites you.
You die...

.%.....#.#.....## #.#
#####...# #.####.#........##
#.# ##.## #.#
#.#.........####.# #.## ..#
#.##...(.........# #.## ..#
#.###.......####.# #... ..#
#....:...........# ###. .##
######...#.)###############.
.# ##.##gS# #..%.%...... .#
#.##g@# #.########## .#
#.##gg# #.# .# #######.....#
#.# .# #...........# #.# .#
#.########### #.# .# #.# #.#
.# #'# #.# .## #.#
###########.##########
..####.#
#.....................


You could see an adder, a hobgoblin and 3 goblins.

Vanquished Creatures
  A gnoll (D:1)
  2 dart slugs (D:1)
  5 bats (D:1)
  3 endoplasms (D:1)
  3 giant cockroaches (D:1)
  2 goblins (D:1)
  2 hobgoblins (D:1)
  2 quokkas (D:1)
  2 ball pythons (D:1)
  A frilled lizard (D:1)
  3 kobolds (D:1)
  A rat (D:1)
27 creatures vanquished.

Notes
Turn   | Place    | Note
-------+----------+-------------------------------------------
     0 | D:1      | qw the Gargoyle Hexslinger began the quest for the Orb.
     0 | D:1      | Reached XP level 1. HP: 12/12 MP: 2/2
     0 | D:1      | 0 ||| qw: Version: 0.3-a-40-ge99b1a8
     0 | D:1      | 0 ||| qw: Game counter: 372
     0 | D:1      | 0 ||| qw: Melee chars always use a shield: true
     0 | D:1      | 0 ||| qw: God list: Okawaru
     0 | D:1      | 0 ||| qw: Allow faded altars: false
     0 | D:1      | 0 ||| qw: Do Orc after clearing Dungeon:15 true
     0 | D:1      | 0 ||| qw: Do second Lair branch before Depths: true
     0 | D:1      | 0 ||| qw: Lair rune preference: random
     0 | D:1      | 0 ||| qw: Goals: Normal
     0 | D:1      | 0 ||| PLANNING D:1-11
    21 | D:1      | 21 ||| FLEEEEING.
    22 | D:1      | 22 ||| FLEEEEING.
   158 | D:1      | Reached XP level 2. HP: 16/16 MP: 3/3
   204 | D:1      | Reached skill level 3 in Ranged Weapons
   215 | D:1      | Reached XP level 3. HP: 12/21 MP: 4/4
   666 | D:1      | 666 ||| FLEEEEING.
   667 | D:1      | 667 ||| FLEEEEING.
   843 | D:1      | 843 ||| DROPPING scarf of harm.
   844 | D:1      | 844 ||| UPGRADING to +0 ring mail.
   854 | D:1      | 854 ||| DROPPING +0 robe.
   855 | D:1      | 855 ||| READING scroll labelled UNASTR PUCA.
   856 | D:1      | 856 ||| DROPPING scroll of poison.
   900 | D:2      | Noticed Robin
   904 | D:2      | 904 ||| STAIRDANCE
   910 | D:1      | HP: 4/21 [goblin/+0 dagger[Robin] (2)]
   910 | D:1      | HP: 1/21 [goblin/+0 dagger[Robin] (2)]
   911 | D:1      | Slain by an adder

Levels and vault maps discovered:
D:1:      evilmike_arrival_plus, layout_loops_ring, minmay_domino_4
D:2:      layout_loops_ring, uniq_robin, uniq_sigmund

Skill      XL: |  1  2 |
---------------+-------+-----
Ranged Weapons | 3 |  3.5
Fighting       | 2 |  2.0
Dodging        | |  1.5
Spellcasting   | |  1.0
Hexes          | |  2.6

Action                     || total
---------------------------++-------
   Fire: Sling             ||   104
    Use: Scroll            ||     1
 Armour: Robe              ||    22
         Ring mail         ||    28
  Dodge: Dodged            ||    62

Table legend:
 A = Non-vault XP
 B = Vault XP
 C = Vault XP percentage of total XP
 D = Non-vault monster count
 E = Vault monster count
 F = Vault count percentage of total count
                 A         B        C        D         E       F
            +---------+---------+-------+---------+---------+-------
      Total |      56 |       8 |  12.5 |      23 |       4 |  14.8
            +---------+---------+-------+---------+---------+-------
        D:1 |      56 |       8 |  12.5 |      23 |       4 |  14.8
            +---------+---------+-------+---------+---------+-------
